SA
BELLEVUE BRUINS @ NEBRASKA PLAINSMEN
07/16/2029
 
TOP OF THE 1ST
Bellevue Bruins batting - Pitching for Nebraska Plainsmen : RHP Enrique Mateo
Pitching: RHP Enrique Mateo
Batting: LHB Juan Romero 0-0: Ball
1-0: Fly out, F4 (Line Drive, 4)
Batting: RHB Ryan Faulkner 0-0: Called Strike
0-1: Ground out 6-3 (Groundball, 6)
Batting: SHB Ken Paige 0-0: Ball
1-0: Foul Ball, location: 2F
1-1: Fly out, F9 (Line Drive, 9S)
Top of the 1st over - 0 runs, 0 hits, 0 errors, 0 left on base; Bellevue 0 - Nebraska 0
BOTTOM OF THE 1ST
Nebraska Plainsmen batting - Pitching for Bellevue Bruins : RHP Justin Flynn
Pitching: RHP Justin Flynn
Batting: SHB Cyrille Baffi 0-0: Foul Ball, location: 2F
0-1: Ball
1-1: Ball
2-1: Ball
3-1: Called Strike
3-2: Fly out, F9 (Flyball, 9)
Batting: LHB Gerardo Ponce de Leon 0-0: Foul Ball, location: 2F
0-1: Fly out, F8 (Flyball, 8LXD)
Batting: SHB Allen Pandey 0-0: Swinging Strike
0-1: Ball
1-1: Called Strike
1-2: Foul Ball, location: 2F
1-2: Ball
2-2: Ball
3-2: Fly out, F9 (Flyball, 9)
Bottom of the 1st over - 0 runs, 0 hits, 0 errors, 0 left on base; Bellevue 0 - Nebraska 0
TOP OF THE 2ND
Bellevue Bruins batting - Pitching for Nebraska Plainsmen : RHP Enrique Mateo
Batting: SHB Aurelio Jiménez 0-0: Ball
1-0: Foul Ball, location: 2F
1-1: Swinging Strike
1-2: Ball
2-2: Ball
3-2: Foul Ball, location: 2F
3-2: Ground out 1-3 (Groundball, P)
Batting: RHB Miguel Elías 0-0: Called Strike
0-1: Swinging Strike
0-2: Foul Ball, location: 2F
0-2: Foul Ball, location: 2F
0-2: Strikes out swinging
Batting: LHB David Muller 0-0: Ball
1-0: Swinging Strike
1-1: Foul Ball, location: 2F
1-2: Strikes out swinging
Top of the 2nd over - 0 runs, 0 hits, 0 errors, 0 left on base; Bellevue 0 - Nebraska 0
BOTTOM OF THE 2ND
Nebraska Plainsmen batting - Pitching for Bellevue Bruins : RHP Justin Flynn
Batting: RHB José Bravo 0-0: Called Strike
0-1: Swinging Strike
0-2: Strikes out swinging
Batting: RHB Matt Poole 0-0: Ball
1-0: Ball
2-0: Ball
3-0: Called Strike
3-1: Foul Ball, location: 2F
3-2: Fly out, F8 (Flyball, 8LD)
Batting: RHB Dan Hendricks 0-0: Foul Ball, location: 2F
0-1: Ground out 1-3 (Groundball, P)
Bottom of the 2nd over - 0 runs, 0 hits, 0 errors, 0 left on base; Bellevue 0 - Nebraska 0
TOP OF THE 3RD
Bellevue Bruins batting - Pitching for Nebraska Plainsmen : RHP Enrique Mateo
Batting: LHB Domingo Colón 0-0: Called Strike
0-1: Foul Ball, location: 2F
0-2: Ball
1-2: Foul Ball, location: 2F
1-2: SINGLE (Groundball, 56D)
Batting: RHB Ramón Ramírez 0-0: Ball
1-0: Called Strike
1-1: Called Strike
1-2: Foul Ball, location: 2F
1-2: Ball
2-2: Fly out, F8 (Flyball, 8RM)
Batting: RHB Dennis Shaw 0-0: Ball
1-0: Ball
2-0: Foul Ball, location: 2F
2-1: Foul Ball, location: 2F
2-2: Ball
3-2: Strikes out swinging
Domingo Colón steals 2nd base
Batter strikes out.
Batting: LHB Juan Romero 0-0: Ground out U3 (Groundball, 3)
Top of the 3rd over - 0 runs, 1 hit, 0 errors, 1 left on base; Bellevue 0 - Nebraska 0
BOTTOM OF THE 3RD
Nebraska Plainsmen batting - Pitching for Bellevue Bruins : RHP Justin Flynn
Batting: SHB José Muñóz 0-0: Called Strike
0-1: Ball
1-1: Ball
2-1: Foul Ball, location: 2F
2-2: Foul Ball, location: 2F
2-2: Strikes out swinging
Batting: RHB Lorenzo Martínez 0-0: Called Strike
0-1: Ball
1-1: Swinging Strike
1-2: Ground out 4-3 (Groundball, 4)
Batting: RHB José Durán 0-0: Called Strike
0-1: Ball
1-1: SINGLE (Line Drive, 89S)
Batting: SHB Cyrille Baffi 0-0: Swinging Strike
0-1: Foul Ball, location: 2F
0-2: Ball
1-2: Foul Ball, location: 2F
1-2: Ground out 4-3 (Groundball, 4)
Bottom of the 3rd over - 0 runs, 1 hit, 0 errors, 1 left on base; Bellevue 0 - Nebraska 0
TOP OF THE 4TH
Bellevue Bruins batting - Pitching for Nebraska Plainsmen : RHP Enrique Mateo
Batting: RHB Ryan Faulkner 0-0: Swinging Strike
0-1: SINGLE (Line Drive, 3)
Batting: SHB Ken Paige 0-0: Ball
1-0: Ball
Ryan Faulkner is caught stealing 2nd base
2-0: DOUBLE (Flyball, 9D)
Batting: SHB Aurelio Jiménez 0-0: Ball
1-0: Ball
2-0: Ball
3-0: Swinging Strike
3-1: Base on Balls
Batting: RHB Miguel Elías 0-0: Ball
1-0: Swinging Strike
1-1: Ground out 4-3 (Groundball, 4S)
Ken Paige to third
Aurelio Jiménez to second
Batting: LHB David Muller 0-0: Ball
1-0: SINGLE (Groundball, 34S) (infield hit)
Ken Paige scores
Aurelio Jiménez to third
Batting: LHB Domingo Colón 0-0: Called Strike
0-1: Ball
1-1: Ball
2-1: Foul Ball, location: 2F
2-2: Foul Ball, location: 2F
2-2: Strikes out swinging
Top of the 4th over - 1 run, 3 hits, 0 errors, 2 left on base; Bellevue 1 - Nebraska 0
BOTTOM OF THE 4TH
Nebraska Plainsmen batting - Pitching for Bellevue Bruins : RHP Justin Flynn
Batting: LHB Gerardo Ponce de Leon 0-0: Called Strike
0-1: Fly out, F7 (Flyball, 78S)
Batting: SHB Allen Pandey 0-0: Foul Ball, location: 2F
0-1: Foul Ball, location: 2F
0-2: Ball
1-2: Ball
2-2: Ball
3-2: Base on Balls
Batting: RHB José Bravo 0-0: Ground out U3 (Groundball, 3S)
Allen Pandey to second
Batting: RHB Matt Poole 0-0: Called Strike
0-1: Ball
1-1: Fly out, F5 (Popup, 25F)
Bottom of the 4th over - 0 runs, 0 hits, 0 errors, 1 left on base; Bellevue 1 - Nebraska 0
TOP OF THE 5TH
Bellevue Bruins batting - Pitching for Nebraska Plainsmen : RHP Enrique Mateo
Batting: RHB Ramón Ramírez 0-0: Fly out, F6 (Popup, 6)
Batting: RHB Dennis Shaw 0-0: Called Strike
0-1: Ball
1-1: Ball
2-1: SINGLE (Flyball, 78S)
Batting: LHB Juan Romero 0-0: Ball
1-0: Called Strike
1-1: Ball
2-1: Ball
3-1: Base on Balls
Dennis Shaw to second
Batting: RHB Ryan Faulkner 0-0: Foul Ball, location: 2F
0-1: Foul Ball, location: 2F
0-2: Foul Ball, location: 2F
0-2: Ball
1-2: Ball
2-2: Strikes out swinging
Batting: SHB Ken Paige 0-0: Ball
1-0: Called Strike
1-1: Ball
2-1: Foul Ball, location: 2F
2-2: Ball
3-2: Strikes out swinging
Top of the 5th over - 0 runs, 1 hit, 0 errors, 2 left on base; Bellevue 1 - Nebraska 0
BOTTOM OF THE 5TH
Nebraska Plainsmen batting - Pitching for Bellevue Bruins : RHP Justin Flynn
Batting: RHB Dan Hendricks 0-0: Ball
1-0: Fly out, F3 (Line Drive, 3)
Batting: SHB José Muñóz 0-0: DOUBLE (Groundball, 3L)
Batting: RHB Lorenzo Martínez 0-0: Called Strike
0-1: Fly out, F9 (Flyball, 89S)
Now in RF: Jorge Ayala
Batting: RHB José Durán 0-0: Ball
1-0: Called Strike
1-1: Ground out 4-3 (Groundball, 4)
Bottom of the 5th over - 0 runs, 1 hit, 0 errors, 1 left on base; Bellevue 1 - Nebraska 0
TOP OF THE 6TH
Bellevue Bruins batting - Pitching for Nebraska Plainsmen : RHP Enrique Mateo
Batting: SHB Aurelio Jiménez 0-0: Called Strike
0-1: Ball
1-1: Ball
2-1: Ground out 1-3 (Groundball, 13S)
Batting: RHB Miguel Elías 0-0: Ball
1-0: Called Strike
1-1: Swinging Strike
1-2: Foul Ball, location: 2F
1-2: Ball
2-2: Foul Ball, location: 2F
2-2: Foul Ball, location: 2F
2-2: Ball
3-2: Base on Balls
Batting: LHB David Muller 0-0: Ball
1-0: Called Strike
1-1: Swinging Strike
1-2: Ball
2-2: Strikes out swinging
Batting: SHB Jorge Ayala 0-0: Ball
1-0: Foul Ball, location: 2F
1-1: Foul Ball, location: 2F
1-2: Ground out 1-3 (Groundball, 15S)
Top of the 6th over - 0 runs, 0 hits, 0 errors, 1 left on base; Bellevue 1 - Nebraska 0
BOTTOM OF THE 6TH
Nebraska Plainsmen batting - Pitching for Bellevue Bruins : RHP Justin Flynn
Batting: SHB Cyrille Baffi 0-0: Ball
1-0: Ground out 5-3 (Groundball, 5)
Batting: LHB Gerardo Ponce de Leon 0-0: Foul Ball, location: 2F
0-1: Ball
1-1: Fly out, F8 (Flyball, 8LD)
Batting: SHB Allen Pandey 0-0: Called Strike
0-1: Foul Ball, location: 2F
0-2: Fly out, F6 (Popup, 6M)
Bottom of the 6th over - 0 runs, 0 hits, 0 errors, 0 left on base; Bellevue 1 - Nebraska 0
TOP OF THE 7TH
Bellevue Bruins batting - Pitching for Nebraska Plainsmen : RHP Enrique Mateo
Batting: RHB Ramón Ramírez 0-0: Fly out, F5 (Line Drive, 56)
Batting: RHB Dennis Shaw 0-0: Called Strike
0-1: Ball
1-1: Swinging Strike
1-2: Ball
2-2: Ball
3-2: Strikes out swinging
Batting: LHB Juan Romero 0-0: Ball
1-0: Called Strike
1-1: Ball
2-1: SINGLE (Line Drive, 6D)
Pitching: LHP Rodrige Margalha
Batting: RHB Ryan Faulkner 0-0: Called Strike
0-1: Ball
1-1: Ball
2-1: Called Strike
2-2: Strikes out looking
Top of the 7th over - 0 runs, 1 hit, 0 errors, 1 left on base; Bellevue 1 - Nebraska 0
BOTTOM OF THE 7TH
Nebraska Plainsmen batting - Pitching for Bellevue Bruins : RHP Justin Flynn
Batting: RHB José Bravo 0-0: Swinging Strike
0-1: Called Strike
0-2: Fly out, F8 (Flyball, 8RD)
Batting: RHB Matt Poole 0-0: Swinging Strike
0-1: Ball
1-1: Foul Ball, location: 2F
1-2: Strikes out swinging
Batting: RHB Dan Hendricks 0-0: Called Strike
0-1: Ball
1-1: Ground out 6-3 (Groundball, 6M)
Bottom of the 7th over - 0 runs, 0 hits, 0 errors, 0 left on base; Bellevue 1 - Nebraska 0
TOP OF THE 8TH
Bellevue Bruins batting - Pitching for Nebraska Plainsmen : LHP Rodrige Margalha
Batting: SHB Ken Paige 0-0: Called Strike
0-1: Called Strike
0-2: Ball
1-2: Foul Ball, location: 2F
1-2: Strikes out swinging
Batting: SHB Aurelio Jiménez 0-0: Swinging Strike
0-1: Ball
1-1: Fly out, F3 (Line Drive, 34)
Batting: RHB Miguel Elías 0-0: Foul Ball, location: 2F
0-1: Swinging Strike
0-2: Ball
1-2: Ball
2-2: Strikes out swinging
Top of the 8th over - 0 runs, 0 hits, 0 errors, 0 left on base; Bellevue 1 - Nebraska 0
BOTTOM OF THE 8TH
Nebraska Plainsmen batting - Pitching for Bellevue Bruins : RHP Justin Flynn
Batting: SHB José Muñóz 0-0: Foul Ball, location: 2F
0-1: Foul Ball, location: 2F
0-2: Ball
1-2: Fly out, F6 (Popup, 6MS)
Batting: RHB Lorenzo Martínez 0-0: Called Strike
0-1: Called Strike
0-2: DOUBLE (Line Drive, 9LS)
Pinch Hitting: RHB Lloyd Raaijmakers 0-0: Ball
1-0: Foul Ball, location: 2F
1-1: Foul Ball, location: 2F
1-2: Ball
2-2: Foul Ball, location: 2F
2-2: Ball
3-2: Base on Balls
Pitching: LHP Christian Clayton
Batting: SHB Cyrille Baffi 0-0: Ball
1-0: Sac Bunt - play at first, batter OUT! 3-4
Lorenzo Martínez to third
Lloyd Raaijmakers to second
Pinch Hitting: SHB Rafael Porfrio 0-0: Ball
1-0: Ball
2-0: Called Strike
2-1: Foul Ball, location: 2F
2-2: DOUBLE (Line Drive, 8RXD)
Lorenzo Martínez scores
Lloyd Raaijmakers scores
Pinch Hitting: RHB Alco Compagne 0-0: Foul Ball, location: 2F
0-1: Ball
1-1: Ball
2-1: Swinging Strike
2-2: Ball
3-2: Strikes out looking
Bottom of the 8th over - 2 runs, 2 hits, 0 errors, 1 left on base; Bellevue 1 - Nebraska 2
TOP OF THE 9TH
Bellevue Bruins batting - Pitching for Nebraska Plainsmen : LHP Rodrige Margalha
Pitching: RHP Nick Kelley
Now at 2B: José Germán
Now at SS: Lloyd Raaijmakers
Now in RF: Tatsui Murakami
Batting: LHB David Muller 0-0: Called Strike
0-1: SINGLE (Groundball, 34D)
Batting: SHB Jorge Ayala 0-0: Sac Bunt - play at first, batter OUT! 1-3
David Muller to second
Pinch Hitting: LHB Atro Jarvilehto 0-0: Called Strike
0-1: Ball
1-1: Foul Ball, location: 2F
1-2: Ball
2-2: Strikes out swinging
Batting: RHB Dennis Shaw 0-0: Foul Ball, location: 2F
0-1: Fly out, F9 (Flyball, 9D)
Top of the 9th over - 0 runs, 1 hit, 0 errors, 1 left on base; Bellevue 1 - Nebraska 2
Tuesday, December 19th, 2017 - OOTP Baseball 18.8 Build 76